[Event "Svetozar Gligoric Masters 2022"]
[Site "Belgrade"]
[Date "2022.07.22"]
[Round "8.9"]
[White "Radovanovic, Nikola"]
[Black "Vaibhav Jayant Raut"]
[Result "1/2-1/2"]
[ECO "B21"]
[WhiteElo "2422"]
[BlackElo "2169"]
[Annotator "TA"]
[PlyCount "53"]
[EventDate "2022.07.18"]
[EventCountry "SRB"]
[SourceTitle "playchess.com"]
[Source "ChessBase"]
[SourceQuality "1"]
[TimeControl "40/5400+30:900+30"]

1. e4 c5 2. Nc3 Nc6 3. Bb5 g6 4. Bxc6 dxc6 5. f4 Bg7 6. Nf3 Nf6 7. d3 O-O 8. O-O Ne8 {B21: Sicilian: 2 f4 and Morra Gambit.} 9. Qe1 Bg4 {[#]} 10. Ng5 $146 ({Predecessor:} 10. Ne2 Nc7 11. Be3 b6 12. c3 Qxd3 13. Qf2 Qxe4 14. Ng3 Qc4 15. Ne5 Qe6 16. Rae1 Nd5 17. Nxg4 Qxg4 {0-1 (45) Wasserfallen,B-Vildosola Canales,M (1632) Tornelo INT 2021}) 10... h6 {White is slightly better.} 11. Nf3 Bxf3 12. Rxf3 c4 13. dxc4 Qd4+ $1 14. Kh1 Qxc4 15. b3 Qe6 16. Bb2 Nd6 17. e5 Nf5 18. Ne4 {Hoping for g4.} Rad8 ({Black should try} 18... Rfd8 $14) 19. Qf2 $16 b6 {Inhibits Nc5.} 20. Re1 ({Better is} 20. g4 $16) 20... c5 21. c3 {[#] aiming for g4.} h5 22. Bc1 Qc6 23. Qe2 Rd5 24. Rd3 Rfd8 25. Red1 Bh6 26. Kg1 b5 27. Rxd5 {Weighted Error Value: White=0.18 (very precise) /Black=0.10 (very precise)} 1/2-1/2

[Event "Svetozar Gligoric Masters 2022"]
[Site "Belgrade"]
[Date "2022.07.22"]
[Round "8.10"]
[White "Muthaiah AL"]
[Black "Shahil Dey"]
[Result "0-1"]
[ECO "D46"]
[WhiteElo "2401"]
[BlackElo "2402"]
[Annotator "TA"]
[PlyCount "70"]
[EventDate "2022.07.18"]
[EventCountry "SRB"]
[SourceTitle "playchess.com"]
[Source "ChessBase"]
[SourceQuality "1"]
[TimeControl "40/5400+30:900+30"]

1. d4 Nf6 2. c4 c6 3. Nc3 d5 4. e3 e6 5. Nf3 Nbd7 6. Qc2 Bd6 7. Bd3 O-O 8. O-O dxc4 9. Bxc4 b5 10. Bd3 Bb7 11. a3 Rc8 12. Ng5 {[%cal Rd3h7] D46: Semi-Slav: 5 e3 Nbd7 6 Bd3, Black avoids the Meran.} c5 (12... Bxh2+ $11 13. Kxh2 Ng4+ 14. Kg1 Qxg5) 13. Bxh7+ (13. Nxb5 Bxh2+ $1 14. Kxh2 Ng4+ 15. Kg1 Qxg5 16. Bxh7+ Kh8 $19) 13... Kh8 14. f4 {d5 is the strong threat. White is slightly better.} (14. Nxb5 $2 Bxh2+ $1 15. Kxh2 Ng4+ 16. Kg1 Qxg5 $19) 14... g6 {[#]} 15. Bxg6 fxg6 16. Nxb5 Bb8 17. Nxe6 {[#]} Qe7 $146 ({Predecessor:} 17... Qb6 18. Nxf8 Nxf8 19. Qe2 Kg7 20. d5 Nxd5 21. Bd2 Re8 22. Rae1 Bxf4 23. Qf2 Qxb5 24. exf4 Rxe1 25. Rxe1 Qxb2 {½-½ (31) Hoeven,D (2649)-Langeveld,R (2679) ICCF email 2017}) 18. Nxf8 Nxf8 19. Nc3 (19. dxc5 $16 {Strongly threatening b4.} Rxc5 20. Nc3) 19... cxd4 20. exd4 Qd7 (20... Ba6 $1 $14) 21. Be3 Nd5 22. Qf2 Re8 (22... Nh7 $142) 23. Rae1 $16 Qf5 24. Bd2 Ne6 (24... Re6 $16 25. Nxd5 Qxd5) 25. Ne4 {Black must now prevent Qh4+.} Ba6 {[#]} 26. Ng5 $1 {And now Qh4+ would win.} Kg8 {[#]} (26... Nf6 27. Qh4+) 27. Qh4 $1 Nf6 {Prevents Qh7+.} 28. Rf3 {[%cal Bf1f3,Bf3f2,Bf2e2][%mdl 32] Threatens to win with Bb4.} Bb7 (28... Ng7 $16 {was worth a try.} 29. Rxe8+ Ngxe8) 29. Rf2 Ng7 {[#]} 30. Rxe8+ $1 Ngxe8 31. Re2 {[%cal Oe2e8] Hoping for Rxe8+!} Qd5 $2 (31... Bd5 $16) 32. Bc3 $2 (32. Qh6 Qf5 {[#]} 33. Rxe8+ $1 Nxe8 34. Qh7+ Kf8 35. Qxb7) 32... Ng7 $18 33. h3 $2 (33. Nf3 $18 Nfh5 34. Qg5) 33... Ngh5 (33... Nf5 $11 34. Qf2 a5) 34. f5 $2 ({But not} 34. Ne6 Bc8 35. Nc5 (35. Qg5 Nxf4 36. Re5 Bxe5 $17) 35... Nxf4 $11) (34. Bd2 $14) 34... Bg3 $19 {This bishop pair is nice.} 35. Qxh5 Nxh5 {Never resign too early!  Weighted Error Value: White=0.83/Black=0.53} 0-1

[Event "Svetozar Gligoric Masters 2022"]
[Site "Belgrade"]
[Date "2022.07.22"]
[Round "8.11"]
[White "Gagunashvili, Merab"]
[Black "Bazyrtsyrenov, Kirill"]
[Result "1/2-1/2"]
[ECO "D02"]
[WhiteElo "2569"]
[BlackElo "2147"]
[Annotator "TA"]
[PlyCount "55"]
[EventDate "2022.07.18"]
[EventCountry "SRB"]
[SourceTitle "playchess.com"]
[Source "ChessBase"]
[SourceQuality "1"]
[TimeControl "40/5400+30:900+30"]

1. d4 Nf6 2. Nf3 e6 3. Bf4 c5 4. e3 Nc6 5. Nbd2 d5 6. c3 Bd6 7. Bg3 O-O 8. Bd3 b6 9. Ne5 {9.Qe2 is the modern continuation.} Bb7 10. f4 {D02: 1 d4 d5 2 Nf3 sidelines, including 2...Nf6 3 g3 and 2...Nf6 3 Bf4.} Ne7 11. Qc2 c4 12. Be2 {Black is slightly better.} Nf5 13. Bf2 Be7 14. Bf3 (14. g4 $11 Nd6 15. g5) 14... b5 $15 15. O-O Nd6 16. Bh4 Nf5 17. Bf2 Nd6 {[#]} 18. a4 $146 (18. Bh4 $1 $11) ({Predecessor:} 18. Bg3 Rc8 19. Rae1 Nfe4 20. Bxe4 dxe4 21. h3 f5 22. Kh2 Nf7 23. Nxf7 Rxf7 24. Kh1 a5 25. a3 a4 26. Bh2 Bd6 27. Qd1 {1-0 (69) Tomas,A (2124)-Turicar,G (1749) Bosnjaci 2022}) 18... a6 $1 19. Bh4 Nf5 20. Bf2 Nd6 21. b3 (21. Bh4 $1 $11) 21... Nfe4 (21... cxb3 $15 22. Nxb3 Nde4) 22. Bxe4 $11 Nxe4 23. axb5 (23. Nxe4 $11 dxe4 24. axb5 (24. bxc4 f6 $11)) 23... Nxd2 $15 24. Qxd2 axb5 25. Qb2 f6 {[#] ...Rxa1 is the strong threat.} 26. Nf3 Qd7 27. Rfb1 Bc6 28. b4 {Weighted Error Value: White=0.27 (precise) /Black=0.17 (very precise)} 1/2-1/2

[Event "Svetozar Gligoric Masters 2022"]
[Site "Belgrade"]
[Date "2022.07.22"]
[Round "8.12"]
[White "Song, Raymond"]
[Black "Namitbir Singh Walia"]
[Result "1/2-1/2"]
[ECO "D78"]
[WhiteElo "2499"]
[BlackElo "2293"]
[Annotator "TA"]
[PlyCount "80"]
[EventDate "2022.07.18"]
[EventCountry "SRB"]
[SourceTitle "playchess.com"]
[Source "ChessBase"]
[SourceQuality "1"]
[TimeControl "40/5400+30:900+30"]

1. d4 Nf6 2. c4 g6 3. g3 c6 4. Bg2 d5 5. Nf3 Bg7 6. O-O O-O 7. Qb3 Qb6 8. Nc3 Rd8 9. Bd2 {D78: Fianchetto Grünfeld: 6 0-0 c6.} Bf5 10. Na4 Qxb3 11. axb3 {[%cal Oa4b6] Hoping for Nb6!} Nbd7 {Against Nb6} 12. Rfc1 {[#]} dxc4 $146 ({Predecessor:} 12... h6 13. e3 g5 14. Ba5 Rdc8 15. Nd2 e6 16. Bb4 Bf8 17. Bxf8 Kxf8 18. b4 a5 {½-½ (56) Ding,L (2799)-Aronian,L (2782) chess24.com INT 2021}) 13. bxc4 e5 14. e3 Be4 15. Ba5 b6 16. Be1 exd4 17. exd4 Nf8 18. Nc3 Ne6 19. Nxe4 Nxe4 20. Rd1 f5 21. d5 cxd5 22. cxd5 Nc7 23. Nd4 (23. Ra2 $11 {should be considered.}) 23... Rxd5 $15 ({Don't take} 23... Nxd5 24. Nc6 Rdc8 25. Rac1 Bxb2 26. Bxe4 fxe4 27. Rc2 $16) 24. Nc6 {[#] Black must now prevent Ne7+.} Rc5 ({But not} 24... Bxb2 25. Ne7+ Kh8 26. Nxd5 $16) (24... Rxd1 $1 $17 25. Rxd1 Bxb2) 25. Rac1 Re8 26. Rxc5 {The position is equal.} Nxc5 27. b4 Ne4 28. Rd7 Nb5 29. Bf1 a6 30. Bc4+ Kh8 31. Kf1 Rc8 32. f3 Nf6 {Pair of Knights!} (32... Rxc6 $2 33. Rd8+ Bf8 34. Rxf8+ Kg7 35. Rf7+ Kg8 36. Bb3 $18) 33. Rd8+ Rxd8 34. Nxd8 Bf8 35. Ke2 h6 36. Kd3 {[%mdl 1024] White has compensation.} Kh7 37. Nc6 Nc7 38. Bf2 b5 39. Bb3 Nd7 40. h4 Bd6 {Weighted Error Value: White=0.05 (flawless) /Black=0.07 (flawless)} 1/2-1/2

[Event "Svetozar Gligoric Masters 2022"]
[Site "Belgrade"]
[Date "2022.07.22"]
[Round "8.13"]
[White "Taspinar, Yanki"]
[Black "Alexakis, Dimitris"]
[Result "1-0"]
[ECO "B47"]
[WhiteElo "2311"]
[BlackElo "2484"]
[Annotator "TA"]
[PlyCount "71"]
[EventDate "2022.07.18"]
[EventCountry "SRB"]
[SourceTitle "playchess.com"]
[Source "ChessBase"]
[SourceQuality "1"]
[TimeControl "40/5400+30:900+30"]

1. e4 c5 2. Nf3 e6 3. d4 cxd4 4. Nxd4 Nc6 5. Nc3 Qc7 6. g3 d6 7. Bg2 Bd7 {B47: Sicilian: Taimanov: 5 Nc3 Qc7 6 f4, 6 g3 and 6 Be2.} 8. O-O {White is more active.} (8. Ndb5 $5 Qb8 9. Bf4 $14) 8... Nf6 9. h3 Be7 {The position is equal.} 10. Nde2 {[#]} h6 $146 ({Predecessor:} 10... a6 11. g4 h6 12. Be3 g5 13. Qd2 Ne5 14. b3 h5 15. f3 hxg4 16. fxg4 Nh7 17. a4 b6 18. Rfc1 f6 {0-1 (43) Assumpcao,R (2177)-Diamant,A (2505) Goiania 2016}) 11. Nb5 Qb8 12. c4 a6 13. Nbd4 b5 14. cxb5 axb5 15. Be3 O-O 16. Qd2 Nxd4 17. Nxd4 e5 18. Nf5 Bxf5 19. exf5 d5 20. f4 ({Don't blunder} 20. Bxd5 $2 Rd8 21. Bxf7+ Kxf7 $19) 20... Ne4 (20... Rd8 $17 {aiming for ...d4.} 21. Rfd1 Ne4) 21. Qxd5 $11 Nxg3 22. fxe5 $2 Nxf1 $17 23. Rxf1 Ra6 {Inhibits f6.} 24. f6 Bd8 (24... gxf6 $17 {And now ...Rd8 would win.} 25. Bxh6 Rd8) 25. Kh1 $36 {[%mdl 2048] Black must now prevent fxg7. White is more active.} Re6 {[%cal Rd8f6] Threatens to win with ...Bxf6!} 26. Bd4 (26. fxg7 $1 $11 Kxg7 27. Bd4) 26... Bc7 ({Black should try} 26... g6 $15) 27. fxg7 $11 Kxg7 {[%mdl 8192] Black cannot hold the game after this.} (27... Rfe8 $11 {and Black has nothing to worry.}) 28. Rxf7+ $1 $18 {[%mdl 64] [#] Decoy} Kxf7 (28... Rxf7 $18 29. Qxe6 Qf8 30. Qg4+ Kh7 31. Be4+ Kh8 32. e6+ Rg7) 29. Qd7+ Re7 30. e6+ (30. Bd5+ $142 Kg7 31. Qxe7+ Kh8 32. e6+ Be5 33. Bxe5+ Qxe5 34. Qxf8+ Kh7 35. Qf7+ Kh8 36. e7) 30... Kg8 31. Qxe7 {[%csl Gd4][%cal Re7g7] White mates.} Be5 {[#]} 32. Be4 $1 Rf1+ (32... Rf5 33. Qd7) 33. Kg2 Rf6 34. Qh7+ Kf8 35. Bc5+ {A strong pair of Bishops.} Bd6 36. e7+ {Weighted Error Value: White=0.28 (precise) /Black=0.85} 1-0

[Event "Svetozar Gligoric Masters 2022"]
[Site "Belgrade"]
[Date "2022.07.22"]
[Round "8.14"]
[White "Arias Gaviria, Mario Alexis"]
[Black "Stoyanov, Tsvetan"]
[Result "0-1"]
[ECO "A46"]
[WhiteElo "2231"]
[BlackElo "2450"]
[Annotator "TA"]
[PlyCount "214"]
[EventDate "2022.07.18"]
[EventCountry "SRB"]
[SourceTitle "playchess.com"]
[Source "ChessBase"]
[SourceQuality "1"]
[TimeControl "40/5400+30:900+30"]

1. d4 Nf6 2. Nf3 d5 3. g3 e6 4. Bg2 b5 5. O-O c5 6. Bg5 {A46: 1 d4 Nf6 2 Nf3 e6: Torre, London and Colle Systems.} Nbd7 7. Nbd2 Bb7 8. c3 {[%cal Bc2c3,Bc3c4][%mdl 32] The position is equal.} Be7 9. a4 b4 10. c4 O-O 11. Re1 {[#]} h6 $146 ({Predecessor:} 11... a5 12. Rc1 Rc8 13. cxd5 exd5 14. dxc5 Bxc5 15. Nb3 Bxf2+ 16. Kxf2 Ne4+ 17. Kf1 Nxg5 18. Rxc8 Bxc8 19. Qxd5 Nxf3 20. Bxf3 {½-½ (40) Lindgren,F (2195)-Ornstein,A (2361) Sweden 2012}) 12. Bxf6 Bxf6 (12... gxf6 13. cxd5 Bxd5 14. e4 $16) 13. cxd5 exd5 (13... Bxd5 $5 14. e4 Bb7 $11) 14. e4 dxe4 15. Nxe4 Bxe4 16. Rxe4 Rc8 17. Ne5 cxd4 18. Rxd4 Bxe5 19. Rxd7 Qf6 20. Qf3 Bxb2 21. Rb1 a5 22. Rd5 Qxf3 $1 23. Bxf3 Bc3 24. Rxa5 b3 $1 25. Rb5 b2 26. Kg2 Rc4 $1 27. Rb3 {[#]} (27. Bd1 $17) 27... Bd4 (27... Bf6 $1 $19 28. a5 Ra4) 28. a5 $17 Ra4 29. Rd1 Bf6 30. Rd6 (30. Rd5 $142) 30... Rxa5 31. Rxf6 gxf6 32. Rxb2 {[%mdl 4096] Endgame KRR-KRB} Rd8 33. Rb4 Kg7 34. Rg4+ Rg5 35. Rf4 Rd2 36. h4 Ra5 37. Rg4+ Kf8 {aiming for ...Raa2.} 38. Rf4 f5 39. Bb7 Rc5 40. Bf3 Kg7 41. Bh5 Kf6 42. Ra4 Rcc2 43. Rf4 Ke6 44. Kf1 Rc1+ 45. Kg2 Kf6 46. Bg4 Rc5 47. Bh5 Ke6 48. Kf1 Rcd5 49. Be2 R5d4 50. Rf3 (50. Rxd4 {might work better.} Rxd4 51. f4) 50... Ke5 51. Ra3 f4 52. g4 $2 (52. Ra7) 52... Rb2 $19 53. Ba6 f3 (53... Rdd2 $142 54. Rf3 f5) 54. Rxf3 Rxg4 {...Rb1+ is the strong threat.} 55. Rxf7 Rxh4 56. Be2 Re4 57. Bf3 {Black must now prevent Re7+.} Rf4 58. Re7+ Kf6 59. Re3 Rb5 60. Rc3 (60. Bc6 $142 Rb2 61. Bf3) 60... Rg5 (60... Rbf5 $142 61. Kg2 h5) 61. Bb7 Kg6 62. Bc8 h5 63. Rc6+ Rf6 64. Rc4 Rg3 65. Bd7 Rgf3 66. Rc2 Kh6 67. Kg2 Rd3 68. Bc8 Rg6+ 69. Kh2 Rgd6 70. Kg2 Rd2 71. Rxd2 Rxd2 {KR-KB} 72. Kg3 Rd8 73. Be6 Rd6 74. Bf5 Rd1 75. Kg2 Kg5 76. Bc8 Rd8 77. Bb7 Rg8 78. Bd5 Rg7 79. Bc6 Kf4+ 80. Kh3 Rc7 81. Bd5 Rc2 (81... h4 $19 {has better winning chances.} 82. Kg2 Rd7) 82. Kg2 (82. Kh4 $17) 82... Rc5 83. Bb7 Kg4 84. Bf3+ Kh4 ({Avoid the trap} 84... Kf4 $2 85. Bd1 $19) 85. Be2 Rg5+ 86. Kh2 Re5 ({Don't blunder} 86... Rf5 $2 87. Kg2 $19) 87. Bf3 Kg5 ({Don't go for} 87... Rf5 $2 88. Kg2 $19) 88. Kg2 Ra5 89. Bc6 Ra3 90. Bd5 Rc3 91. Bf7 Ra3 $2 (91... h4 $19 {( -> ...h3+)} 92. f3 Rd3) 92. Be6 $2 (92. Bd5 $1 $11 Rd3 93. Be6) 92... Kf4 93. Bd5 Rc3 94. Bb7 h4 95. Bd5 $2 {[#]} (95. Kh2 $19) 95... h3+ $1 {Black mates.} 96. Kh2 Kg4 97. Be6+ Kh4 98. Bd5 Rc2 99. Kg1 Rc1+ 100. Kh2 Rf1 101. Be6 Rxf2+ 102. Kg1 Rb2 103. Bf5 Kg3 104. Kh1 Rf2 105. Bd3 Rd2 106. Bf1 Rd1 107. Kg1 h2+ {Weighted Error Value: White=0.15 (very precise) /Black=0.10 (very precise)} 0-1

[Event "Svetozar Gligoric Masters 2022"]
[Site "Belgrade"]
[Date "2022.07.22"]
[Round "8.15"]
[White "Harikrishnan.A.Ra"]
[Black "Sanket Chakravarty"]
[Result "1/2-1/2"]
[ECO "D46"]
[WhiteElo "2396"]
[BlackElo "2209"]
[Annotator "TA"]
[PlyCount "110"]
[EventDate "2022.07.18"]
[EventCountry "SRB"]
[SourceTitle "playchess.com"]
[Source "ChessBase"]
[SourceQuality "1"]
[TimeControl "40/5400+30:900+30"]

1. d4 d5 2. Nf3 e6 3. c4 Nf6 4. Nc3 c6 5. e3 Nbd7 6. b3 Bd6 7. Bb2 O-O 8. Bd3 e5 9. cxd5 cxd5 {And now ...e4 would win.} 10. dxe5 {D46: Semi-Slav: 5 e3 Nbd7 6 Bd3, Black avoids the Meran.} Nxe5 11. Be2 Nxf3+ 12. Bxf3 {White is slightly better.} Be5 {[#]} 13. Na4 $146 ({Predecessor:} 13. O-O Bf5 14. Qd2 Qe7 15. Nxd5 Nxd5 16. Bxe5 Rfd8 17. Bd4 Be4 18. Bxe4 Qxe4 19. Rac1 {½-½ (45) Ding,L (2791)-Vachier Lagrave,M (2778) Chess.com INT 2020}) 13... Qd6 14. Bxe5 Qxe5 15. O-O Bd7 16. Nc5 Bb5 17. Re1 Rac8 18. Nd3 Bxd3 19. Qxd3 Rc3 20. Qb5 b6 21. Qa4 Rc7 22. Rad1 Rfc8 23. h3 h6 24. Qa6 Qc3 25. Re2 Qb4 (25... Rd7 $11) 26. Red2 ({White should try} 26. Bxd5 $16 g6 27. Bf3) 26... Rc1 $11 27. Rd4 (27. Bxd5 R8c2 28. Rd3 Qh4 29. Qxa7 (29. g3 $2 Qh5 $19) 29... Qxf2+ 30. Kh2 Nxd5 31. Qa8+ Kh7 32. Qxd5 Rxd1 33. Rxd1 Rxa2 $15) 27... Rxd1+ $1 28. Rxd1 Rc7 29. Qd3 Rc5 30. g3 Ne4 (30... g6 $11 {remains equal.}) 31. Kg2 (31. Bxe4 $16 Qxe4 32. Qxe4 dxe4 33. Rd8+ Kh7 34. Rd7) 31... Ra5 (31... Nc3 $11) 32. Qc2 (32. a3 $16 Qxa3 33. Bxe4 dxe4 34. Qxe4) 32... Rc5 33. Qb2 Nf6 (33... a5 $11 {keeps the balance.}) 34. a3 (34. Qe5 $16) 34... Qc3 $14 35. Qb1 Qe5 36. Rd4 Rc3 37. Qb2 (37. Qd1 $14) 37... Qc7 (37... Rd3 $5) 38. Bxd5 (38. b4 {is more complex.} Rc2 39. Qb3 Qc3 40. Bxd5 Nxd5 41. Qxd5 Qxe3 42. Rf4) 38... Nxd5 39. Rxd5 $11 {[%cal Od5d8][%mdl 4096] Endgame KQR-KQR} Qc6 40. e4 f5 (40... Qf6 $11 41. Qe2 Rxb3) 41. Qe2 $16 ({Much worse is} 41. Rxf5 Qxe4+ 42. Kh2 Rc2 $15) 41... Rxb3 {[#]} 42. Qh5 $1 (42. Rxf5 $6 Rxa3 43. Rd5 Ra5 $14) 42... Qe6 {[#]} 43. Rd8+ $1 ({Reject} 43. Rxf5 $6 Qxe4+ 44. Kh2 Rxa3 $11) (43. Qxf5 $6 Qxf5 44. exf5 (44. Rxf5 Rxa3 45. Rd5 Kf8 $11) 44... Rxa3 $11) 43... Kh7 44. Qxf5+ Qxf5 45. exf5 Rxa3 {KR-KR} 46. g4 (46. Rd7 $16) 46... a5 $11 {[%cal Ba7a5,Ba5a4,Ba4a3][%mdl 32] The position is equal.} 47. Rb8 Rb3 48. h4 a4 49. Ra8 a3 50. f4 {aiming for g5.} Rb2+ 51. Kf3 Rb3+ $1 52. Ke2 {g5 is the strong threat.} Rb2+ 53. Ke3 {Black must now prevent g5.} Rb3+ $1 54. Ke2 Rb2+ 55. Ke3 {Hoping for g5.} Rb3+ $1 {Weighted Error Value: White=0.21 (precise) /Black=0.22 (precise)} 1/2-1/2

[Event "Svetozar Gligoric Masters 2022"]
[Site "Belgrade"]
[Date "2022.07.22"]
[Round "8.16"]
[White "Kushagra Mohan"]
[Black "Gavrilov, Maxim"]
[Result "1-0"]
[ECO "B19"]
[WhiteElo "2359"]
[BlackElo "2216"]
[Annotator "TA"]
[PlyCount "111"]
[EventDate "2022.07.18"]
[EventCountry "SRB"]
[SourceTitle "playchess.com"]
[Source "ChessBase"]
[SourceQuality "1"]
[TimeControl "40/5400+30:900+30"]

1. e4 c6 2. d4 d5 3. Nd2 dxe4 4. Nxe4 Bf5 5. Ng3 Bg6 6. h4 h6 7. Nf3 Nd7 8. h5 Bh7 9. Bd3 Bxd3 10. Qxd3 e6 11. Bf4 Qa5+ {B19: Classical Caro-Kann: 4...Bf5 main line.} 12. Bd2 Bb4 13. c3 Be7 {The position is equal.} 14. c4 Qc7 15. d5 cxd5 16. cxd5 Qd6 17. Qb3 {17.Qb3 was played by the boomers.} Ngf6 18. dxe6 Qxe6+ 19. Qxe6 (19. Kf1 {looks sharper.} Qa6+ 20. Kg1 O-O 21. Nf5) 19... fxe6 20. O-O-O Bc5 {[#]} 21. Be1 $146 ({Predecessor:} 21. Rhf1 O-O 22. Bc3 Nd5 23. Bd4 Rac8 24. Kb1 N7f6 25. Nh4 Bd6 26. Ng6 Rfe8 27. Bxf6 gxf6 {½-½ (47) Romanov,E (2437)-L'Ami,E (2515) Warsaw 2005}) 21... Rc8 22. Kb1 Ke7 23. Nd2 Nb6 24. Nde4 Nbd5 25. f3 Rhd8 26. Nxf6 Nxf6 27. Bc3 Rxd1+ 28. Rxd1 Bd6 29. Ne4 Nxe4 30. fxe4 $11 {[%mdl 4096] Endgame KRB-KRB} e5 31. Rd3 Rf8 32. Rg3 Rf1+ 33. Kc2 Kf7 34. Kd3 b5 35. b3 a6 36. a4 Rf6 37. Ke2 Rf4 38. Rd3 (38. Rf3 $11) 38... Rxe4+ $15 39. Re3 {[#]} (39. Kf3 $15 Rf4+ 40. Ke2) 39... Rg4 $1 $17 40. axb5 axb5 ({But not} 40... Rxg2+ $6 41. Kf3 Ra2 42. b6 $11) 41. Bxe5 Bxe5 (41... Rxg2+ $17 42. Kf1 Rd2) 42. Rxe5 $11 Rxg2+ $17 {KR-KR} 43. Kf3 Rg5 44. Rxg5 hxg5 $11 {K3P-KPP} 45. Kg4 g6 $2 {[%mdl 8192] [#]} (45... b4 $11 46. Kxg5 Kg8) 46. h6 {White mates.} Kg8 47. Kxg5 b4 48. Kxg6 {KPP-KP} Kh8 49. Kf6 Kh7 50. Ke5 Kxh6 {KP-KP} 51. Kd5 Kg6 52. Kc5 Kf6 53. Kxb4 Ke7 54. Kc5 Kd8 55. Kb6 Kd7 56. Kb7 {Weighted Error Value: White=0.06 (flawless) /Black=0.21 (precise)} 1-0

[Event "Svetozar Gligoric Masters 2022"]
[Site "Belgrade"]
[Date "2022.07.22"]
[Round "8.17"]
[White "Joshua, A P"]
[Black "Tisaj, Domen"]
[Result "1/2-1/2"]
[ECO "D00"]
[WhiteElo "2153"]
[BlackElo "2355"]
[Annotator "TA"]
[PlyCount "82"]
[EventDate "2022.07.18"]
[EventCountry "SRB"]
[SourceTitle "playchess.com"]
[Source "ChessBase"]
[SourceQuality "1"]
[TimeControl "40/5400+30:900+30"]

1. d4 e6 2. Nc3 d5 3. Bf4 Bd6 4. e3 Nf6 5. Bd3 Bxf4 6. exf4 {D00: 1 d4 d5: Unusual lines.} Qd6 {[#]} 7. Nb5 $146 (7. Qd2 $11) ({Predecessor:} 7. Qd2 c6 8. Nf3 O-O 9. O-O-O b5 10. Rhg1 a5 11. g4 a4 12. g5 Nfd7 13. Rg3 {1-0 (34) Buksa,N (2414)-Djordjevic,V (2350) Chess.com INT 2021}) 7... Qe7 (7... Qb6 $1 $15) 8. Nf3 $11 O-O 9. O-O a6 10. Nc3 c5 11. dxc5 Qxc5 12. Ne2 Bd7 13. Ned4 Nc6 14. c3 Nxd4 15. Nxd4 b5 16. Qd2 a5 17. a3 Rab8 18. b4 Qc7 19. Nb3 a4 20. Nc5 Bc8 {Inhibits Na6.} 21. Bb1 Nd7 22. Nd3 Bb7 23. Ba2 Rbc8 24. Rac1 Qd6 (24... Rfd8 $5 ) 25. Rfe1 Rc7 (25... d4 {is more complex.} 26. cxd4 Qxd4 27. Red1 Rfd8) 26. Ne5 Rfc8 27. Nxd7 Qxd7 28. Qd4 Qd8 29. h3 Qf6 30. Re5 g6 (30... h5 {keeps more tension.} 31. h4 Kf8 32. f5 exf5 33. Rce1 g6) 31. Rxd5 {The position is equal.} Qxd4 32. Rxd4 Rxc3 33. Rxc3 Rxc3 34. Bxe6 {[%mdl 4096] Endgame KRB-KRB} Bc6 35. Bd7 Bxd7 36. Rxd7 Rxa3 {[#] Strongly threatening ...Ra1+. KR-KR} 37. Rb7 Ra1+ 38. Kh2 a3 39. Rxb5 Rb1 {And now ...a2 would win.} ({Resist} 39... a2 40. Rb8+ Kg7 41. Ra8 $16) 40. Ra5 Rxb4 41. Rxa3 Rxf4 {Weighted Error Value: White=0.10 (very precise) /Black=0.08 (flawless)} 1/2-1/2

[Event "Svetozar Gligoric Masters 2022"]
[Site "Belgrade"]
[Date "2022.07.22"]
[Round "8.18"]
[White "Ozer, Omer Faruk"]
[Black "Tamhankar, Siddhant"]
[Result "1-0"]
[ECO "B50"]
[WhiteElo "2317"]
[BlackElo "1811"]
[Annotator "TA"]
[PlyCount "87"]
[EventDate "2022.07.18"]
[EventCountry "SRB"]
[SourceTitle "playchess.com"]
[Source "ChessBase"]
[SourceQuality "1"]
[TimeControl "40/5400+30:900+30"]

1. e4 c5 2. Nf3 d6 3. c3 Nf6 4. Be2 g6 5. O-O Bg7 6. d3 Nc6 7. d4 O-O (7... Nxe4 8. d5 $16) 8. d5 {B50: Sicilian: 2...d6, Miscellaneous.} Ne5 (8... Na5 $1 $11) 9. Nxe5 $14 dxe5 10. f3 {White is slightly better.} Ne8 11. Be3 Qc7 12. c4 {[%cal Ob2b4] [#] White is more active.} Nd6 $146 ({Predecessor:} 12... b6 13. Nc3 Nd6 14. Qd2 Rd8 15. Kh1 a6 16. Rac1 Bd7 17. g4 f6 18. h4 Rf8 {1-0 (34) Jenull,M (2182)-Hintz,B Willingen 2001}) 13. Nc3 Bd7 14. a3 f5 15. Qd3 Rf7 16. b4 b6 17. bxc5 bxc5 18. a4 a6 19. a5 Rb8 20. Rfb1 {Hoping for Rxb8+.} Rff8 21. Qc2 Rxb1+ 22. Nxb1 Rb8 23. Nd2 Rb4 24. Bd3 Bf6 25. Ra3 Bh4 (25... e6 $11 {keeps the balance.}) 26. g3 Bf6 27. Qa2 ({White should try} 27. Nb3 $16) 27... f4 (27... e6 $11) 28. Bf2 $1 $16 ({Wrong is} 28. gxf4 $2 exf4 29. Bf2 (29. Bxf4 $2 Bd4+ 30. Kh1 Rb2 $19) 29... Rb2 $19) 28... fxg3 29. hxg3 Bg5 30. Nb3 Nxc4 $2 (30... Nb7 $16) 31. Bxc4 $2 (31. Nxc5 $18 {and the rest is easy.} Nd6 32. Bxa6) 31... Rxc4 {[#]} 32. d6 $1 exd6 (32... Qxd6 $16 {is tougher.} 33. Nd2 Qxd2 34. Qxc4+ Kg7) 33. Nd2 $18 Bxd2 34. Qxc4+ Kg7 35. Qxa6 c4 36. Qb6 Qc6 37. Ra2 c3 38. a6 Qc4 {[#]} 39. Qb1 ({Not} 39. Rxd2 $2 cxd2 40. Qxd6 Qc1+ 41. Kg2 d1=Q $19) (39. Qxd6 $1 $18 Qxa2 40. Qxd7+ Qf7 41. Qd3) 39... Bh3 (39... Be6 $11 40. Qb7+ Kh6) 40. a7 Qe2 41. a8=Q {White mates.} Qxf3 42. Ra7+ Kh6 {[#]} 43. Rxh7+ $3 Kxh7 (43... Kg5 44. Rxh3) 44. Qbb7+ {Weighted Error Value: White=0.33/Black=0.61} 1-0